 Dungeon Crawl Stone Soup version 0.31.0-9-g3a7656b989 (webtiles) character file.

Game seed: 16716081009822644894

2987 Descartes the Blocker (level 10, -6/74 HPs)
             Began as a Formicid Fighter on Jan 25, 2024.
             Mangled by Maurice
             ... wielding a +0 flail
              (10 damage)
             ... on level 7 of the Dungeon.
             The game lasted 00:10:36 (6246 turns).

Descartes the Blocker (Formicid Fighter)            Turns: 6246, Time: 00:10:36

Health: -6/74      AC: 15    Str: 24    XL:     10   Next: 9%
Magic:  17/17      EV:  9    Int:  9    God:
Gold:   0          SH:  6    Dex: 13    Spells: 19/19 levels left

rFire   . . .        r - +2 quarterstaff (chaos)
rCold   . . .        c - +0 buckler
rNeg    . . .        b - +0 scale mail
rPois   .            (helmet unavailable)
rElec   .            s - +2 cloak
rCorr   .            g - +0 pair of gloves
SInv    +            x - +0 pair of boots
Will    +....        D - amulet of magic regeneration Stlth
                     (no ring)
HPRegen 0.32/turn    (no ring)
MPRegen 0.55/turn

%: no passive effects
@: no status effects
A: permanent stasis, dig shafts and tunnels, antennae 3, four strong arms
a: Dig, Shaft Self


You were on level 7 of the Dungeon.
You visited 2 branches of the dungeon, and saw 8 of its levels.

Inventory:

Hand Weapons
 h - a +1 dagger of draining
 j - a +1 dagger of flaming
 p - a +5 dagger
 r - a +2 quarterstaff of chaos (weapon)
 B - a +1 short sword of holy wrath
Missiles
 a - a boomerang
 m - 11 poisoned darts
Armour
 b - a +0 scale mail (worn)
 c - a +0 buckler (worn)
 g - a +0 pair of gloves (worn)
 s - a +2 cloak (worn)
 x - a +0 pair of boots (worn)
Jewellery
 D - an amulet of magic regeneration (around neck)
Wands
 q - a wand of paralysis (14)
 z - a wand of flame (24)
 I - a wand of polymorph (15)
Scrolls
 i - 2 scrolls of enchant weapon {unknown}
 k - 2 scrolls of teleportation {unknown}
 l - a scroll of blinking {unknown}
 t - 8 scrolls of identify {unknown}
 v - a scroll of torment {unknown}
 C - 3 scrolls of revelation {unknown}
 F - a scroll of immolation {unknown}
 G - a scroll of poison {unknown}
 K - a scroll of enchant armour {unknown}
Potions
 e - a potion of magic {unknown}
 n - a potion of brilliance {unknown}
 o - 3 potions of enlightenment {unknown}
 u - a potion of resistance {unknown}
 w - a potion of lignification {unknown}
 A - a potion of degeneration {unknown}
 J - a potion of attraction {unknown}


   Skills:
 - Level 5.0 Fighting
 - Level 2.7 Axes
 - Level 10.0 Armour
 - Level 10.0 Shields
 - Level 5.0 Spellcasting
 + Level 3.1 Translocations


You had 19 spell levels left.
You didn't know any spells.
Your spell library contained the following spells:

 Spells                   Type           Power      Damage    Failure   Level
 Volatile Blastmotes      Fire/Tloc      10%        2d10      67%         3
 Passage of Golubria      Tloc           7%         N/A       85%         4
 Call Canine Familiar     Summ           2%         N/A       86%         3
 Sigil of Binding         Hex            2%         N/A       86%         3
 Tukima's Dance           Hex            2%         N/A       86%         3
 Dimensional Bullseye     Hex/Tloc       2%         N/A       97%         4
 Iskenderun's Mystic Bla  Conj/Tloc      5%         2d3       97%         4
 Fulminant Prism          Conj/Alch      1%         3d5       99%         4
 Summon Forest            Summ/Tloc      2%         N/A       100%        5
 Summon Mana Viper        Hex/Summ       2%         N/A       100%        5
 Yara's Violent Unravell  Hex/Alch       1%         3d3       100%        5
 Summon Cactus Giant      Summ           1%         N/A       100%        6


Dungeon Overview and Level Annotations

Branches:
Dungeon (7/15)             Temple (1/1) D:5

Altars:
Ashenzari
Cheibriados
Dithmenos
Elyvilon
Fedhas
Hepliaklqana
Kikubaaqudgha
Makhleb
Qazlal
Ru
Sif Muna
Trog
Uskayaw
Vehumet
Wu Jian
Xom
Yredelemnul

Annotations:
D:7 2 runed translucent doors, James's ghost, novice FoHs; Maurice


Innate Abilities, Weirdness & Mutations

You cannot be hasted, slowed, berserked, paralysed or teleported.
You can dig through walls and to a lower floor.
You have a pair of large antennae on your head. (SInv)
Your four strong arms can wield two-handed weapons with a shield.


Message History

Maurice is moderately wounded.
Maurice hits you with a +0 flail.
* * * LOW HITPOINT WARNING * * *
Maurice steals 3 of your 14 poisoned darts!
Maurice barely misses you.
You sock Maurice!
Maurice is heavily wounded.
Maurice zaps a wand.
The bolt of dispelling energy hits you.
* * * LOW HITPOINT WARNING * * *
Maurice hits you with a +0 flail.
* * * LOW HITPOINT WARNING * * *
Maurice steals 247 gold pieces!
You now have 0 gold pieces.
Maurice bites you.
* * * LOW HITPOINT WARNING * * *
You feel your power leaking away. Maurice drains your magic.
Maurice looks very invigorated.
You feel much better. You block Maurice's attack.
Maurice bites you but does no damage.
You feel very mighty all of a sudden. Maurice closely misses you.
You block Maurice's attack.
You miss Maurice.
Maurice is moderately wounded.
Maurice zaps a wand.
The bolt of dispelling energy hits you!
Your magical effects are unravelling.
* * * LOW HITPOINT WARNING * * *
You sock Maurice!
Maurice's magic leaks into the air.
Maurice is heavily wounded.
You feel a little less mighty now.
Maurice zaps a wand.
The bolt of dispelling energy misses you.
You closely miss Maurice.
Maurice is heavily wounded.
Maurice hits you with a +0 flail!
* * * LOW HITPOINT WARNING * * *
Maurice groans, "What are you, a monk?" Maurice bites you but does no damage.
Maurice zaps a wand.
The bolt of dispelling energy misses you.
You barely miss Maurice.
Maurice is heavily wounded.
Maurice hits you with a +0 flail!
You die...

...........#####
...........##..#
...............#
.......##..##..#
..####+##..##..#
..##...##...'..#
...........##..###+#
...........##..##).#####
...........#...f@.......#
+###...##..#...##..##..##
..##...##..#.!.##..# .#
..+........#.........
.<#........#..........,
#..#.#........####......
############### ######


You could see Maurice (invisible, magic disrupted).

Vanquished Creatures
  A hornet (D:7)
  2 steam dragons
  Menkaure (D:5)
  3 water moccasins (D:7)
  An orc warrior (D:6)
  An ice beast (D:7)
  3 black bears
  2 ogres (D:5)
  2 phantoms (D:4)
  A bullfrog (D:7)
  4 scorpions
  8 crimson imps (D:6)
  Crazy Yiuf (D:2)
  A gnoll bouda (D:7)
  2 hounds (D:6)
  3 jellies
  2 orc priests
  2 sleepcaps
  6 iguanas
  4 orc wizards
  A gnoll (D:7)
  4 adders
  3 white imps (D:6)
  A shadow imp (D:5)
  2 ufetubi (D:5)
  4 dart slugs
  A ribbon worm (D:4)
  16 orcs
  7 ball pythons
  7 endoplasms
  3 giant cockroaches
  6 goblins
  8 hobgoblins
  2 jackals (D:5)
  2 quokkas
  7 bats
  3 frilled lizards (D:1)
  10 kobolds
  8 rats
145 creatures vanquished.

Vanquished Creatures (others)
  2 gnolls (D:7)
  An adder (D:6)
3 creatures vanquished.

Grand Total: 148 creatures vanquished

Notes
Turn   | Place    | Note
-------+----------+-------------------------------------------
     0 | D:1      | Descartes the Formicid Fighter began the quest for the Orb.
     0 | D:1      | Reached XP level 1. HP: 18/18 MP: 1/1
    88 | D:1      | Reached XP level 2. HP: 13/24 MP: 2/2
   316 | D:1      | Reached XP level 3. HP: 25/29 MP: 3/3
  1134 | D:2      | Reached XP level 4. HP: 31/37 MP: 4/4
  1667 | D:2      | Found a runed translucent door.
  1668 | D:2      | Noticed Crazy Yiuf
  1681 | D:2      | Killed Crazy Yiuf
  1901 | D:3      | Reached XP level 5. HP: 42/42 MP: 5/5
  1905 | D:3      | Reached skill level 5 in Shields
  2168 | D:3      | Identified the +3 dagger of Loprycih {heavy, rN+ Str+5}
  2527 | D:4      | Reached XP level 6. HP: 25/49 MP: 6/6
  2709 | D:4      | Reached skill level 5 in Armour
  2746 | D:4      | Noticed a black bear
  2750 | D:4      | Reached skill level 5 in Fighting
  2757 | D:4      | Killed a black bear
  2758 | D:4      | Reached XP level 7. HP: 18/56 MP: 7/7
  3284 | D:5      | Entered Level 5 of the Dungeon
  3361 | D:5      | Found a radiant altar of Vehumet.
  3496 | D:5      | Reached XP level 8. HP: 59/62 MP: 8/8
  3661 | D:5      | Noticed Menkaure
  3670 | D:5      | Killed Menkaure
  4013 | D:5      | Found a shimmering blue altar of Sif Muna.
  4013 | D:5      | Found an ornate altar of the Wu Jian Council.
  4180 | D:5      | Found a staircase to the Ecumenical Temple.
  4189 | Temple   | Entered the Ecumenical Temple
  4430 | D:6      | Reached XP level 9. HP: 66/68 MP: 9/9
  4643 | D:6      | Reached skill level 10 in Shields
  4938 | D:6      | Found a snail-covered altar of Cheibriados.
  4938 | D:6      | Found an ancient bone altar of Kikubaaqudgha.
  5341 | D:6      | Reached skill level 10 in Armour
  5571 | D:7      | Noticed a hornet
  5580 | D:7      | Killed a hornet
  5728 | D:7      | Found a large runed translucent door.
  5728 | D:7      | Found a large runed translucent door.
  5731 | D:7      | Noticed James's ghost (novice FoHs)
  5965 | D:7      | Reached skill level 5 in Spellcasting
  5965 | D:7      | Reached skill level 1 in Translocations
  6035 | D:7      | Reached XP level 10. HP: 50/74 MP: 17/17
  6193 | D:7      | Noticed Maurice
  6200 | D:7      | Maurice stole an amulet of the acrobat
  6209 | D:7      | Maurice stole 97 gold
  6224 | D:7      | Maurice stole the +3 dagger of Loprycih {heavy, rN+ Str+5}
  6226 | D:7      | Maurice stole a throwing net
  6239 | D:7      | Maurice stole 14 poisoned darts
  6240 | D:7      | Maurice stole 247 gold
  6246 | D:7      | Mangled by Maurice

Illustrated notes

Levels and vault maps discovered:
D:1:      nicolae_arrival_memento_mori, layout_basic, roderic_serpentine_path,
          hex_large, minmay_bisected
D:2:      layout_basic, nrook_loot_triangle, uniq_crazy_yiuf_cottage
D:3:      layout_basic, minmay_misc_feat_encased
D:4:      layout_rooms, grunt_decor_arrowhead, chequers_garden
D:5:      layout_loops_ring, vehumet_altar_wand_db,
          amethyst_overflow_temple_binary,
          minmay_temple_entry_statues_fountains, wad_floor_pattern_untrapped,
          minmay_stone_trees_medium, uniq_menkaure
D:6:      layout_loops_corners, gammafunk_temple_overflow_wave, serial_glass,
          glass_columns_c, glass_columns_c, glass_columns_a, glass_columns_a,
          glass_columns_a, glass_columns_a, minmay_nine_imps
D:7:      layout_gridville, nicolae_gozag_cash_rules_everything_around_me,
          ebering_ghost_disaster_area, uniq_maurice
Temple:   minmay_temple_bridge_abc

Skill      XL: |  1  2  3  4  5  6  7  8  9 10 |
---------------+-------------------------------+-----
Fighting       | 4 5 |  5.0
Armour         | 4 5 6 8 10 | 10.0
Shields        | 5 6 7 9 10 | 10.0
Spellcasting   | 5 |  5.0
Translocations | 2 3 |  3.1
Axes           | |  2.7

Action                     |  1- 3 |  4- 6 |  7- 9 | 10-12 || total
---------------------------+-------+-------+-------+-------++-------
  Melee: War axe           |    92 |    28 |       |       ||   120
         Dagger            |       |    15 |       |       ||    15
         Quarterstaff      |       |    70 |   273 |    35 ||   378
    Use: Potion            |       |     2 |       |     3 ||     5
 Armour: Scale mail        |    61 |    88 |   293 |    52 ||   494
  Dodge: Dodged            |    42 |    47 |   143 |    27 ||   259
  Block: Buckler           |    25 |    24 |   122 |    26 ||   197
